 Dungeon Crawl Stone Soup version 0.14-a0-2964-g8dc6adb (console) character file.

310 Gandelf the Chopper (level 5, -6/49 HPs)
             Began as a Deep Dwarf Berserker on Mar 4, 2014.
             Was a Believer of Trog.
             Mangled by Crazy Yiuf
             ... wielding a +3,+4 quarterstaff of chaos
              (21 damage)
             ... on Level 2 of the Dungeon.
             The game lasted 00:06:00 (1396 turns).

Gandelf the Chopper (Deep Dwarf Berserker)          Turns: 1396, Time: 00:06:00

HP  -6/49        AC  3     Str 21      XL: 5   Next: 18%
MP   5/5         EV 12     Int  8      God: Trog [**....]
Gold 149         SH  0     Dex 12      Spells:  0 memorised,  4 levels left

rFire  . . .     SeeInvis .     a - +0 hand axe
rCold  . . .     Clarity  .     t - +0 leather armour (curse)
rNeg   . . .     Conserve .     (no shield)
rPois  .         rCorr    .     (no helmet)
rElec  .         rRot     .     (no cloak)
SustAb . .       Spirit   .     (no gloves)
rMut   .         Warding  .     (no boots)
Saprov . . .     Stasis   .     (no amulet)
MR     ++...                    (no ring)
                                (no ring)

@: non-regenerating, very resistant to hostile enchantments, very unstealthy
A: damage resistance, recharge devices, sense surroundings 1, slow healing 3
a: Device Recharging, Burn Spellbooks, Berserk, Trog's Hand, Renounce Religion


You were on level 2 of the Dungeon.
You worshipped Trog.
Trog was pleased with you.
You were very hungry.

You visited 1 branch of the dungeon, and saw 2 of its levels.

You collected 149 gold pieces.

Inventory:

Hand weapons
 a - a +0,+0 hand axe (weapon)
 e - a +1,+1 scythe
 g - a +0,+0 hand axe
 n - a +0,+0 sling
 r - a +0,+0 sling
Missiles
 h - 3 tomahawks (quivered)
 i - 17 darts
 j - 40 arrows
 k - 8 poisoned needles
 p - 46 bolts
 q - 3 darts of flame
 u - 16 stones
Armour
 t - a cursed +0 leather armour (worn)
Magical devices
 c - a wand of heal wounds (7)
Comestibles
 b - a rotting chunk of adder flesh
 d - 2 bread rations
 f - a lychee
 m - an orange
 s - 2 meat rations
 v - a rotting chunk of adder flesh
Scrolls
 l - a scroll of teleportation
 w - a scroll of identify
Potions
 o - a potion of might


   Skills:
 + Level 3.6 Fighting
 + Level 4.5 Axes
 + Level 0.3 Polearms
 + Level 0.6 Throwing
 + Level 2.5 Armour
 + Level 3.6 Dodging


You had 4 spell levels left.
You didn't know any spells.

Dungeon Overview and Level Annotations

Branches:
Dungeon (2/16)

Altars:

Annotations:
D:2 Crazy Yiuf


Innate Abilities, Weirdness & Mutations

You are resistant to damage.
You can recharge devices by infusing magical energy.
You passively map a small area around you.
You do not heal naturally.


Message History

You hit Crazy Yiuf.
Crazy Yiuf is moderately wounded.
Crazy Yiuf hits you with a quarterstaff of chaos!
You are electrocuted!
Use which ability? (? or * to list) You're too hungry to go berserk.
You hit Crazy Yiuf.
Crazy Yiuf is heavily wounded.
Crazy Yiuf hits you with a quarterstaff of chaos.
You closely miss Crazy Yiuf.
Crazy Yiuf is heavily wounded.
You feel the effects of Trog's Hand fading.
You barely miss Crazy Yiuf.
Crazy Yiuf is heavily wounded.
Crazy Yiuf completely misses you.
You hit Crazy Yiuf but do no damage.
Crazy Yiuf is heavily wounded.
Crazy Yiuf hits you with a quarterstaff of chaos!
You are electrocuted!
You die...

▒·▒ ▒··▒ ▒ ▒·▒▒▒ ▒▒·▒ ▒ ▒···▒ ▒·▒
▒ ▒▒▒▒▒ ░ ▒▒▒ ▒ ▒▒▒▒▒▒▒▒ ░░ ░░
░░░ ▒ ▒▒ ▒······▒ ░░ ♣♣♣▒ ▒▒▒▒
·▒▒▒······▒ ▒▒▒▒▒♣♣♣♣♣♣♣▒▒▒▒▒▒···
··▒▒······▒░▒))·▒♣♣♣♣♣♣f·▒··▒▒···
▒·········▒ ▒·)g@)♣♣♣♣·♣·····'···
▒▒▒▒······▒ ▒)··▒♣··♣)·····▒▒▒···
▒······▒ ▒▒▒▒▒♣♣♣)♣)··▒▒▒ ▒···
▒······▒ ░░ ♣♣♣♣♣♣♣♣▒▒ ▒▒▒▒
▒▒▒▒▒▒▒▒ ░♣♣♣♣♣♣▒ ▒▒ ▒▒▒▒▒▒▒▒▒▒▒
░▒▒▒▒▒▒▒▒▒▒▒ ·▒▒▒·········▒
▒·····>···▒ ··▒▒·▒▒▒▒▒▒▒▒▒
▒·········▒ ···▒'▒▒▒▒▒▒▒▒
▒·········▒


You could see Crazy Yiuf.

Vanquished Creatures
  Sigmund (D:2)
  3 adders (D:2)
  An inept feature mimic (D:2)
  A worm (D:2)
  2 giant geckos (D:2)
  3 giant cockroaches (D:1)
  5 hobgoblins
  5 kobolds
  2 oozes (D:2)
  A quokka (D:2)
  A ball python (D:1)
  7 bats
  8 goblins
  3 jackals (D:1)
  3 rats (D:1)
  4 fungi (D:2)
50 creatures vanquished.

Notes
Turn   | Place    | Note
--------------------------------------------------------------
     0 | D:1      | Gandelf, the Deep Dwarf Berserker, began the quest for the Orb.
     0 | D:1      | Reached XP level 1. HP: 20/20 MP: 1/1
   104 | D:1      | Reached XP level 2. HP: 8/27 MP: 2/2
   398 | D:1      | Acquired Trog's second power
   731 | D:2      | Reached skill level 4 in Axes
   731 | D:2      | Reached XP level 3. HP: 4/34 MP: 3/3
  1006 | D:2      | Noticed Sigmund
  1015 | D:2      | Killed Sigmund
  1015 | D:2      | Reached XP level 4. HP: 42/42 MP: 4/4
  1106 | D:2      | Reached XP level 5. HP: 37/49 MP: 5/5
  1389 | D:2      | Noticed Crazy Yiuf
  1396 | D:2      | Mangled by Crazy Yiuf

Action                   |  1- 3 |  4- 6 || total
-------------------------+-------+-------++-------
Melee: Hand axe          |   109 |    64 ||   173
       Scythe            |       |     9 ||     9
 Fire: Sling             |       |     7 ||     7
Throw: Tomahawk          |    12 |     3 ||    15
       Dart              |       |     2 ||     2
Invok: Trog's Hand       |     2 |     1 ||     3
       Berserk           |     1 |       ||     1
       Burn Spellbooks   |       |     1 ||     1
Evoke: Wand              |     1 |     1 ||     2
  Use: Scroll            |     5 |     2 ||     7
       Potion            |     2 |       ||     2
